 Dungeon Sprint DCSS version 0.23.2-1-ga50397a6bc (webtiles) character file.

Game seed: 16351825326980482619

1813 Kobolds4U the Carver (level 8, -4/74 HPs)
             Began as a Demonspawn Berserker on May 21, 2019.
             Was an Elder of Trog.
             Slain by a demonic crawler (8 damage)
             ... in the Dungeon (Sprint I: "Red Sonja").
             The game lasted 00:02:33 (1014 turns).

Kobolds4U the Carver (Demonspawn Berserker)         Turns: 1014, Time: 00:02:34

Health: -4/74      AC:  5    Str: 18    XL:     8   Next: 84%
Magic:  8/8        EV: 14    Int:  9    God:    Trog [****..]
Gold:   345        SH:  0    Dex: 14    Spells: 7/7 levels left

rFire    . . .     SeeInvis .   a - +0 falchion
rCold    + . .     Gourm    .   (no shield)
rNeg     . . .     Faith    .   k - +0 ring mail
rPois    .         Spirit   .   (helmet restricted)
rElec    .         Reflect  .   (no cloak)
rCorr    .         Harm     .   (no gloves)
MR       .....     NoTele   +   (no boots)
Stlth    ..........             (no amulet)
HPRegen  0.22/turn              (no ring)
MPRegen  0.11/turn              (no ring)

@: berserk cooldown, slowed, very slow
A: antennae 2, hooves 1, cold resistance 1, demonic guardian 1
a: Berserk, Trog's Hand, Brothers in Arms, Renounce Religion


You were in the Dungeon.
You worshipped Trog.
Trog was greatly pleased with you.
You were not hungry.

You visited 1 branch You collected 405 gold pieces.
You spent 60 gold pieces at shops.

Inventory:

Hand Weapons
 a - a +0 falchion (weapon)
Armour
 k - a +0 ring mail (worn)
 l - a +2 robe of magic resistance
Scrolls
 i - a scroll of blinking
 m - 2 scrolls of identify {unknown}
Potions
 b - a potion of cancellation {unknown}
 d - a potion of curing
 e - a potion of heal wounds
 f - a potion of haste
 g - 2 potions of magic
 h - a potion of berserk rage
Comestibles
 c - a ration


   Skills:
 + Level 10.8 Fighting
 - Level 14.3 Long Blades
 - Level 1.7 Armour
 - Level 5.6 Dodging


You had 7 spell levels left.
You didn't know any spells.
Your spell library was empty.

Dungeon Overview and Level Annotations

Branches:
Dungeon (1/1)

Altars:
Cheibriados
Dithmenos
Elyvilon
Fedhas
Gozag
Hepliaklqana
Kikubaaqudgha
Makhleb
Nemelex Xobeh
Okawaru
Qazlal
Ru
Sif Muna
Trog
Uskayaw
Vehumet
Wu Jian
Xom
Yredelemnul
Zin
The Shining One
Jiyva
Lugonu

Shops:
D %


Innate Abilities, Weirdness & Mutations

You have a pair of antennae on your head.
You have large cloven feet.
Your flesh is cold resistant. (rC+)
A weak demonic guardian rushes to your aid.


Message History

The demonic crawler hits you!
* * * LOW HITPOINT WARNING * * *
The demonic crawler hits you.
* * * LOW HITPOINT WARNING * * *
You slash the demonic crawler! You kick the demonic crawler.
The demonic crawler is heavily wounded.
You hit the demonic crawler but do no damage.
The demonic crawler is heavily wounded.
The demonic crawler hits you.
* * * LOW HITPOINT WARNING * * *
The demonic crawler hits you!
* * * LOW HITPOINT WARNING * * *
The demonic crawler hits you but does no damage.
You feel a strong urge to attack something.
You are no longer berserk.
You are exhausted.
You feel yourself slow down.
There is an open door here.
The demonic crawler hits you!
You die...

######################
.)').#..'..#__#.@s.).#
..#.[').#..'^.'..#).†##+#
####'#####'#__####...†..#
###..#...#(#### #####..+
__####..##.# { +##
_____##'#_.+ {
_.∩...÷..._# {
_..__##_.#'# _____###+#.#


You could see a demonic crawler.

Vanquished Creatures
  A kobold demonologist (D)
  3 demonic crawlers (D)
  Sigmund (D)
  A yak (D)
  A floating eye (D)
  An ogre (D)
  A jelly (D)
  Ijyb (D)
10 creatures vanquished.

Vanquished Creatures (collateral kills)
  A kobold demonologist (D)
  A slime creature (D)
2 creatures vanquished.

Vanquished Creatures (others)
  A gargoyle (D)
1 creature vanquished.

Grand Total: 13 creatures vanquished

Notes
Turn   | Place    | Note
-------+----------+-------------------------------------------
     0 | D        | Kobolds4U the Demonspawn Berserker began the quest for the
                  | Orb.
     0 | D        | Reached XP level 1. HP: 18/18 MP: 1/1
     1 | D        | Noticed Ijyb
    11 | D        | Killed Ijyb
    11 | D        | Reached skill level 5 in Long Blades
    11 | D        | Gained mutation: You have a pair of small antennae on your
                  | head. [demonic ancestry]
    11 | D        | Reached XP level 2. HP: 24/24 MP: 2/2
    13 | D        | Noticed an ogre
    21 | D        | Killed an ogre
    21 | D        | Reached skill level 8 in Long Blades
    21 | D        | Gained mutation: You have a pair of antennae on your head.
                  | [demonic ancestry]
    21 | D        | Reached XP level 3. HP: 11/29 MP: 3/3
    21 | D        | Reached XP level 4. HP: 13/35 MP: 4/4
   211 | D        | Noticed Sigmund
   228 | D        | Killed Sigmund
   228 | D        | Reached ** piety under Trog
   228 | D        | Reached skill level 11 in Long Blades
   228 | D        | Gained mutation: Your flesh is cold resistant. (rC+)
                  | [demonic ancestry]
   228 | D        | Reached XP level 5. HP: 35/41 MP: 5/5
   228 | D        | Gained mutation: A weak demonic guardian rushes to your
                  | aid. [demonic ancestry]
   228 | D        | Reached XP level 6. HP: 41/47 MP: 6/6
   277 | D        | Found an ornate altar of the Wu Jian Council.
   277 | D        | Found a deep blue altar of Sif Muna.
   279 | D        | Found a radiant altar of Vehumet.
   307 | D        | Found Kibun's Food Emporium.
   307 | D        | Found an ancient bone altar of Kikubaaqudgha.
   307 | D        | Found a hazy altar of Hepliaklqana.
   307 | D        | Found a hide-covered altar of Uskayaw.
   307 | D        | Found a basalt altar of Yredelemnul.
   307 | D        | Found an opulent altar of Gozag.
   307 | D        | Found a snail-covered altar of Cheibriados.
   307 | D        | Found a sacrificial altar of Ru.
   307 | D        | Found a shadowy altar of Dithmenos.
   307 | D        | Noticed a yak
   318 | D        | Killed a yak
   318 | D        | Reached skill level 13 in Long Blades
   324 | D        | Found a stormy altar of Qazlal.
   324 | D        | Found a blossoming altar of Fedhas.
   324 | D        | Found a bloodstained altar of Trog.
   324 | D        | Found an iron altar of Okawaru.
   324 | D        | Found a glowing golden altar of the Shining One.
   324 | D        | Found a glowing silver altar of Zin.
   324 | D        | Found a white marble altar of Elyvilon.
   328 | D        | Found a sparkling altar of Nemelex Xobeh.
   334 | D        | Bought a ration for 60 gold pieces
   558 | D        | Found a viscous altar of Jiyva.
   558 | D        | Found a corrupted altar of Lugonu.
   558 | D        | Noticed a slime creature
   559 | D        | Found a burning altar of Makhleb.
   559 | D        | Found a shimmering altar of Xom.
   569 | D        | Killed a slime creature
   569 | D        | Reached *** piety under Trog
   569 | D        | Gained mutation: You have large cloven feet. [demonic
                  | ancestry]
   569 | D        | Reached XP level 7. HP: 10/52 MP: 7/7
   590 | D        | Killed a gargoyle
   815 | D        | Noticed a kobold demonologist
   815 | D        | Noticed a kobold demonologist
   820 | D        | Reached skill level 14 in Long Blades
   826 | D        | Noticed a ynoxinul
   836 | D        | Killed a kobold demonologist
   836 | D        | Reached skill level 5 in Fighting
   843 | D        | Noticed a chaos spawn
   844 | D        | Killed a kobold demonologist
   844 | D        | Reached **** piety under Trog
   844 | D        | Reached skill level 5 in Dodging
   844 | D        | Reached XP level 8. HP: 38/65 MP: 8/8
   978 | D        | Noticed a demonic crawler
   978 | D        | Noticed a demonic crawler
   978 | D        | Noticed a demonic crawler
   978 | D        | Noticed a demonic crawler
   983 | D        | Killed a demonic crawler
   991 | D        | Killed a demonic crawler
  1003 | D        | Killed a demonic crawler
  1003 | D        | Reached skill level 10 in Fighting
  1009 | D        | HP: 4/111 [demonic crawler (8)]
  1014 | D        | Slain by a demonic crawler

Skill      XL: |  1  2  3  4  5  6  7  8 |
---------------+-------------------------+-----
Long Blades    | 5 8 11 13 14 | 14.3
Fighting       | 6 10 | 10.8
Dodging        | 5 |  5.6
Armour         | |  1.7

Action                   |  1- 3 |  4- 6 |  7- 9 || total
-------------------------+-------+-------+-------++-------
Melee: Falchion          |    14 |    39 |    55 ||   108
       Kick              |       |       |    25 ||    25
Invok: Berserk           |     1 |       |     1 ||     2
       Trog's Hand       |       |       |     1 ||     1
       Brothers in Arms  |       |       |     1 ||     1
 Stab: Distracted        |       |     1 |       ||     1
  Eat: Ration            |       |       |     1 ||     1
Armor: Animal skin       |     1 |       |       ||     1
       Ring mail         |       |     2 |    13 ||    15
Dodge: Dodged            |    10 |    10 |    25 ||    45
       Rpst.: Falchion   |     3 |     3 |     4 ||    10
